 Dungeon Crawl Stone Soup version 0.21-a0-221-gfe971b9 (webtiles) character file.

396 motkurip the Grave Robber (level 6, 0/42 HPs)
             Began as an Octopode Necromancer on Aug 27, 2017.
             Slain by a worker ant (8 damage)
             ... on level 4 of the Dungeon.
             The game lasted 00:10:57 (4193 turns).

motkurip the Grave Robber (Octopode Necromancer)    Turns: 4193, Time: 00:10:57

Health: 0/42       AC:  1    Str: 12    XL:     6   Next: 82%
Magic:  1/9        EV: 15    Int: 17    God:
Gold:   87         SH:  0    Dex: 15    Spells: 1/9 levels left

rFire    . . .     SeeInvis .   r - +1 dagger (protect)
rCold    . . .     Gourm    .   (no shield)
rNeg     . . .     Faith    .   (helmet restricted)
rPois    .         Spirit   .   (no amulet)
rElec    .         Reflect  .   x - ring of protection from magic
rCorr    .         Harm     .   (no ring)
MR       +....                  (no ring)
Stlth    +++.......             (no ring)
HPRegen  0.14/turn              (no ring)
MPRegen  0.11/turn              (no ring)
                                (no ring)
                                (no ring)

@: mighty
A: almost no armour, stealthy swim, amphibious, 8 rings, constrict 8, camouflage
1, gelatinous body 1
a: no special abilities


You were on level 4 of the Dungeon.
You were near starving.

You visited 1 branch of the dungeon, and saw 4 of its levels.
You also visited: Sewer.

You collected 87 gold pieces.

Inventory:

Hand Weapons
 k - a +0 hunting sling
 r - a +1 dagger of protection (weapon)
 v - a +0 dagger of venom
Missiles
 l - 100 stones (quivered)
Jewellery
 x - a ring of protection from magic (left tentacle)
Scrolls
 c - a scroll of amnesia {unknown}
 d - 2 scrolls of enchant armour {unknown}
 e - a scroll of magic mapping
 h - a scroll of blinking {unknown}
 j - 3 scrolls of identify {unknown}
 q - a scroll of teleportation {unknown}
 u - 3 scrolls of remove curse {unknown}
Potions
 f - a potion of lignification {unknown}
 i - a potion of mutation {unknown}
 m - a potion of invisibility {unknown}
 n - 4 potions of curing {unknown}
 o - 5 potions of might
 p - 5 potions of heal wounds {unknown}
 s - 3 potions of agility {unknown}
 t - a potion of flight {unknown}
 w - a potion of haste {unknown}
Books
 a - a book of Necromancy

   Spells                             Type                      Level
   a - Pain                           Necromancy                   1
   b - Animate Skeleton               Necromancy                   1
   c - Vampiric Draining              Necromancy                   3
   d - Regeneration                   Charms/Necromancy            3
   e - Animate Dead                   Necromancy                   4
   f - Control Undead                 Necromancy                   4
Comestibles
 b - 2 bread rations
 g - a meat ration


   Skills:
 + Level 3.2 Fighting
 + Level 3.5 Dodging
 - Level 2.6 Stealth
 - Level 3.4 Unarmed Combat
 - Level 2.0 Spellcasting
 - Level 5.1 Necromancy


You had one spell level left.
You knew the following spells:

 Your Spells              Type           Power        Failure   Level  Hunger
f - Pain                  Necr           ###.         2%          1    #......
k - Animate Skeleton      Necr           N/A          2%          1    #......
r - Regeneration          Chrm/Necr      ##........   21%         3    ###....
v - Vampiric Draining     Necr           ###.......   7%          3    ###....


Dungeon Overview and Level Annotations

Branches:
Dungeon (4/15)
 Temple: D:4-7

Altars:

Annotations:
D:2 Natasha, Sigmund
D:3 exclusion: upstairs


Innate Abilities, Weirdness & Mutations

You cannot wear most types of armour.
You are very stealthy in the water. (Stealth+)
You are amphibious.
You can wear up to eight rings at the same time.
You can use your tentacles to constrict eight enemies at once.
Your skin changes colour to match your surroundings (Stealth+).
Your rubbery body absorbs attacks. (AC +1, EV +1)


Message History

The orc barely misses you.
The orc priest miscasts a cantrip.
You aren't carrying any items that you can evoke.
Unknown command.
You hit the orc but do no damage.
Your weapon exudes an aura of protection.
You grab the orc. You constrict the orc. The worker ant barely misses you.
The orc hits you but does no damage.
You barely miss the orc.
The orc is lightly wounded.
You constrict the orc. The worker ant bites you!
* * * LOW HITPOINT WARNING * * *
The orc priest calls upon Beogh to heal the orc.
The orc's wounds heal themselves!
The orc barely misses you.
It was a potion of might.
You feel very mighty all of a sudden.
You constrict the orc.
The worker ant bites you but does no damage.
The worker ant bites you!
You die...

.# .# ## ##.# ... .# #.
.#.# #.# .# #.#.#.# #.#
.# ...#.# #.# .# #.##.#
#.# .#
##.##<####.#######.######
.............?..@ao.....#
.................o......#
##.........#######.####.#
####.###.## .# #..# #.#
.# #.## #.# .. #.# #.# ##
####.####.# ..........#


You could see a worker ant, an orc priest and an orc.

Vanquished Creatures
  A big kobold (Sewer)
  An orc priest (D:4)
  Jessica (D:2)
  Terence (D:2)
  Natasha (D:2)
  7 adders
  6 river rats (Sewer)
  2 worms
  2 dart slugs
  3 leopard geckos
  3 orcs (D:3)
  4 ball pythons
  2 giant cockroaches (D:1)
  10 goblins
  7 hobgoblins
  21 kobolds
  5 bats
  4 frilled lizards
  25 rats
106 creatures vanquished.

Vanquished Creatures (collateral kills)
  2 kobolds
  3 rats (Sewer)
5 creatures vanquished.

Grand Total: 111 creatures vanquished

Notes
Turn   | Place    | Note
-------+----------+-------------------------------------------
     0 | D:1      | motkurip the Octopode Necromancer began the quest for the Orb.
     0 | D:1      | Reached XP level 1. HP: 11/11 MP: 3/3
    23 | D:1      | Learned a level 1 spell: Animate Skeleton
   298 | D:1      | Reached XP level 2. HP: 15/17 MP: 5/5
   981 | D:2      | Reached XP level 3. HP: 12/21 MP: 3/6
  1212 | D:2      | Noticed Terence
  1271 | D:2      | Learned a level 3 spell: Vampiric Draining
  1274 | D:2      | Noticed Sigmund
  1294 | D:2      | Killed Terence
  1294 | D:2      | Reached skill level 1 in Unarmed Combat
  1294 | D:2      | Reached skill level 5 in Necromancy
  1438 | D:2      | Reached XP level 4. HP: 21/27 MP: 5/7
  1494 | D:2      | Noticed Jessica
  1502 | D:2      | Killed Jessica
  1502 | D:2      | Reached skill level 1 in Fighting
  1662 | D:2      | Noticed Natasha
  1671 | D:2      | Killed Natasha
  2056 | D:2      | Reached XP level 5. HP: 33/33 MP: 8/8
  2142 | D:2      | Noticed Natasha
  2169 | D:3      | Learned a level 3 spell: Regeneration
  2212 | D:3      | Found a glowing drain.
  2237 | Sewer    | Entered a sewer
  2814 | Sewer    | Reached XP level 6. HP: 18/40 MP: 0/9
  3424 | D:3      | Found a faded altar of an unknown god.
  4193 | D:4      | Slain by a worker ant

Vault maps used:
D:1:      lightli_arrival_flooded_house
D:2:      first_bread, uniq_terence, uniq_sigmund, uniq_natasha, uniq_jessica
D:3:      chequers_ecumenical_altar_simple, cheibrodos_sewer_entry_drain,
          minmay_hedge_maze, guppyfry_early_orc_mine
D:4:      grunt_temple_overflow_order_and_chaos_1, grunt_gozag_statues,
          kennysheep_mini, minmay_temple_entry_grid, serial_shops,
          nicolae_shop_competitors_out_of_business, uniq_grinder, uniq_duvessa,
          uniq_eustachio
Sewer:    sewer_minmay_treatment

Skill      XL: |  1  2  3  4  5  6 |
---------------+-------------------+-----
Unarmed Combat | 1 2 3 |  3.4
Necromancy     | 5 |  5.1
Fighting       | 1 2 3 |  3.2
Dodging        | 3 |  3.5
Stealth        | |  2.6
Spellcasting   | |  2.0

Action                   |  1- 3 |  4- 6 || total
-------------------------+-------+-------++-------
Melee: Unarmed           |    64 |   151 ||   215
       Constrict         |    21 |    61 ||    82
       Tentacles         |    10 |    31 ||    41
       Punch             |       |     6 ||     6
       Dagger            |       |    38 ||    38
 Fire: Hunting sling     |     8 |     2 ||    10
 Cast: Pain              |    12 |     2 ||    14
       Animate Skeleton  |     3 |    11 ||    14
       Vampiric Draining |     2 |    26 ||    28
       Regeneration      |       |     2 ||     2
  Use: Scroll            |       |     1 ||     1
       Potion            |       |     1 ||     1
 Stab: Sleeping          |     6 |    13 ||    19
  Eat: Chunk             |     2 |     9 ||    11
       Royal jelly       |       |     1 ||     1
Armor: Skin              |     4 |    22 ||    26
Dodge: Dodged            |    52 |   117 ||   169

Table legend:
 A = Spawn XP
 B = Non-spawn XP
 C = Spawn XP percentage of total XP
 D = Spawn monster count
 E = Non-spawn monster count
 F = Spawn count percentage of total count
 G = Total turns spent on level
                    A         B        C        D         E        F      G
               +---------+---------+-------+---------+---------+-------+---------
         Total |       6 |     560 |   1.1 |       4 |     107 |   3.6 |  4193
               +---------+---------+-------+---------+---------+-------+---------
           D:1 |       3 |      28 |   9.7 |       2 |      15 |  11.8 |   918
           D:2 |       3 |     142 |   2.1 |       2 |      21 |   8.7 |  1225
           D:3 |       0 |      67 |   0.0 |       0 |      22 |   0.0 |   841
           D:4 |       0 |      41 |   0.0 |       0 |       1 |   0.0 |    70
         Sewer |       0 |     282 |   0.0 |       0 |      48 |   0.0 |  1139
               +---------+---------+-------+---------+---------+-------+---------
